 Dungeon Crawl Stone Soup version 0.19-a0-139-gefc6d61 (webtiles) character file.

184 Kidiri the Firebug (level 5, -3/33 HPs)
             Began as a High Elf Fire Elementalist on May 18, 2016.
             Was a Follower of Vehumet.
             Killed from afar by Natasha (9 damage)
             ... with a wand of flame
             ... on level 4 of the Dungeon.
             The game lasted 00:09:13 (4188 turns).

Kidiri the Firebug (High Elf Fire Elementalist)     Turns: 4188, Time: 00:09:14

Health: -3/33      AC:  2    Str:  7    XL:     5   Next: 36%
Magic:  0/10       EV: 13    Int: 20    God:    Vehumet [*.....]
Gold:   170        SH:  2    Dex: 15    Spells: 4 memorised, 0 levels left

rFire  . . .     SeeInvis .     k - +2 dagger
rCold  . . .     Gourm    .     a - +0 robe
rNeg   . . .     Faith    .     (no shield)
rPois  .         Spirit   .     (no helmet)
rElec  .         Dismiss  .     (no cloak)
rCorr  .         Reflect  +     (no gloves)
SustAt .         Harm     .     (no boots)
MR     .....                    m - +2 amulet of reflection
Stlth  ++........               (no ring)
                                (no ring)

@: very slightly contaminated, not resistant to hostile enchantments, unstealthy
A: no striking features
a: Renounce Religion


You were on level 4 of the Dungeon.
You worshipped Vehumet.
Vehumet was aware of your devotion.
You were not hungry.

You visited 1 branch of the dungeon, and saw 4 of its levels.

You collected 170 gold pieces.

Inventory:

Hand Weapons
 k - a +2 dagger (weapon)
Armour
 a - a +0 robe (worn)
Jewellery
 m - a +2 amulet of reflection (around neck)
Wands
 r - a wand of lightning (4/15)
Scrolls
 e - a scroll of recharging
 f - 3 scrolls of remove curse
Potions
 c - a potion of berserk rage
 d - 2 potions of flight
 n - a potion of agility
 p - a potion of brilliance {unknown}
 q - a potion of cure mutation {unknown}
 s - a potion of resistance {unknown}
 t - a potion of degeneration {unknown}
Books
 b - a book of Flames

   Spells                             Type                      Level
   a - Flame Tongue                   Conjuration/Fire             1
   b - Throw Flame                    Conjuration/Fire             2
   c - Conjure Flame                  Conjuration/Fire             3
   d - Inner Flame                    Hexes/Fire                   3
   e - Sticky Flame                   Conjuration/Fire             4
   f - Fireball                       Conjuration/Fire             5
Comestibles
 g - a royal jelly
 h - 5 meat rations
 j - a slice of pizza
 l - 5 fruits
 o - 2 chunks of flesh
 u - 2 bread rations


   Skills:
 + Level 1.4 Fighting
 + Level 1.5 Armour
 * Level 3.5 Dodging
 - Level 2.1 Stealth
 * Level 2.8 Spellcasting
 + Level 2.4 Conjurations
 + Level 0.4 Hexes
 + Level 3.9 Fire Magic


You couldn't memorise any spells.
You knew the following spells:

 Your Spells              Type           Power        Failure   Level  Hunger
a - Flame Tongue          Conj/Fire      ###..        4%          1    None
b - Throw Flame           Conj/Fire      ###...       10%         2    ##.....
c - Conjure Flame         Conj/Fire      ###.....     14%         3    ###....
d - Inner Flame           Hex/Fire       ##......     21%         3    ###....


Dungeon Overview and Level Annotations

Branches:
Dungeon (4/15)
 Temple: D:4-7

Altars:
Vehumet

Annotations:
D:4 Natasha


Message History

Natasha barely misses you.
You barely miss Natasha.
Natasha is severely wounded.
Natasha stares at you and mumbles some strange words.
The magic dart hits you!
* * * LOW HITPOINT WARNING * * *
Drink which item? (? for menu, Esc to quit)
You feel better.
Natasha mumbles some strange words.
You hit Natasha.
Natasha is almost dead.
Natasha stares at you and mumbles some strange words.
The magic dart hits you!
* * * LOW HITPOINT WARNING * * *
You hit Natasha.
Natasha is almost dead.
Natasha claws you.
* * * LOW HITPOINT WARNING * * *
Natasha zaps a wand.
The puff of flame hits you!
You die...

#.# #..#
#.## #..#
#..# #..#
##.# ..#
#.## .#
#..# ##.#
. # #.##
..# #
#@.#...#
## #.....#
##.
##hl..#
##.. ###
.5...#
##...
##.##
......#
#....
#...#
........#
##....
##..#
h.......#
#.....
#..#
.........#
#.....
#..####
.......
#.....


You could see an iguana, Natasha and a crimson imp.

Vanquished Creatures
  A worker ant (D:3)
  Natasha (D:4)
  6 adders
  An ooze (D:4)
  3 worms
  A dart slug (D:2)
  3 giant geckos
  4 orcs (D:3)
  A ball python (D:2)
  2 giant cockroaches
  5 goblins
  8 hobgoblins
  2 quokkas
  4 bats
  7 giant newts
  8 kobolds
  4 rats
61 creatures vanquished.

Notes
Turn   | Place    | Note
--------------------------------------------------------------
     0 | D:1      | Kidiri the High Elf Fire Elementalist began the quest for the Orb.
     0 | D:1      | Reached XP level 1. HP: 11/11 MP: 4/4
   368 | D:1      | You fall through a shaft!
   466 | D:1      | Reached XP level 2. HP: 17/17 MP: 4/6
   470 | D:1      | Learned a level 2 spell: Throw Flame
  1192 | D:2      | Reached XP level 3. HP: 22/22 MP: 1/7
  1197 | D:2      | Learned a level 3 spell: Inner Flame
  1345 | D:2      | Found a radiant altar of Vehumet.
  1389 | D:2      | Became a worshipper of Vehumet
  1415 | D:2      | Reached skill level 1 in Armour
  1635 | D:2      | Reached skill level 1 in Fighting
  1809 | D:2      | Reached XP level 4. HP: 28/28 MP: 5/8
  2655 | D:3      | Reached * piety under Vehumet
  2655 | D:3      | Offered knowledge of Sting by Vehumet.
  3382 | D:4      | Noticed Natasha
  3390 | D:4      | HP: 1/28 [worker ant (6)]
  3410 | D:3      | Reached XP level 5. HP: 3/33 MP: 4/10
  3453 | D:3      | Learned a level 3 spell: Conjure Flame
  3818 | D:4      | Killed Natasha
  4173 | D:4      | Noticed Natasha
  4188 | D:4      | Killed from afar by Natasha

Vault maps used:
D:1:      dpeg_arrival_stone_temple_mockup
D:2:      lemuel_doored_altar, corexii_corridor_pit
D:3:      minmay_lizard_king
D:4:      grunt_temple_overflow_bloody_war, minmay_temple_entry_metal_lava,
          first_bread, kennysheep_generic_room_11, uniq_natasha

Skill      XL: |  1  2  3  4 |
---------------+-------------+-----
Armour         | 1 |  1.5
Fighting       | 1 |  1.4
Conjurations   | 2 |  2.4
Dodging        | 3 |  3.5
Stealth        | |  2.1
Spellcasting   | |  2.8
Hexes          | |  0.4
Fire Magic     | |  3.9

Action                   |  1- 3 |  4- 6 || total
-------------------------+-------+-------++-------
Melee: Dagger            |    12 |    11 ||    23
 Cast: Flame Tongue      |    37 |    52 ||    89
       Throw Flame       |    12 |    29 ||    41
  Use: Scroll            |     6 |     3 ||     9
       Potion            |       |     3 ||     3
 Stab: Sleeping          |     2 |       ||     2
  Eat: Chunk             |     3 |     6 ||     9
       Bread ration      |       |     1 ||     1
Armor: Robe              |     4 |     3 ||     7
Dodge: Dodged            |    17 |    17 ||    34
Block: Other             |     1 |     2 ||     3
       Reflection        |       |     2 ||     2
